[Event "*** Titled Tuesday Blitz"]
[Site "Chess.com"]
[Date "2018.10.02"]
[Round "8"]
[White "W_Amadeus"]
[Black "biostatistician"]
[Result "1-0"]
[WhiteElo "2621"]
[BlackElo "2570"]
[TimeControl "180+2"]
[EndTime "14:46:10 PDT"]
[Termination "W_Amadeus won on time"]

1. e4 e6 2. d4 d5 3. Nc3 Nf6 4.
e5 Nfd7 5. Nce2 c5 6. c3 Nc6 7.
Nf3 cxd4 8. cxd4 Bb4+ 9. Bd2 O-O 10. Bxb4 Nxb4 11. Qd2 a5 12. a3 Nc6 13. Nf4 b6 14.
Bb5 Bb7 15. O-O Qe7 16. Rfc1 Rfc8 17. Rc3 Na7 18. Bxd7 Qxd7 19. Nh5 Qe7 20. Rac1 Rxc3 21. Rxc3 Rc8 22. Rxc8+ Bxc8 23. h4 h6 24. g4 Nc6 25.
g5 hxg5 26. hxg5 Qf8 27. Kh2 Ne7 28. Nh4 Ba6 29. Kg3 Bc4 30. Qc2 g6 31. Nf6+ Kg7 32. b3 Bf1 33. Qc7 Nf5+ 34. Nxf5+ gxf5 35. Qc1 Bd3 36. Nh5+ Kg8 37. Qh1 f4+ 38. Kxf4 1-0

[Event "*** Titled Tuesday Blitz"]
[Site "Chess.com"]
[Date "2018.10.02"]
[Round "8"]
[White "lavr92"]
[Black "RiskyDecision"]
[Result "1-0"]
[WhiteElo "2520"]
[BlackElo "2390"]
[TimeControl "180+2"]
[EndTime "14:46:10 PDT"]
[Termination "lavr92 won on time"]

1. d4 Nf6 2. c4 e6 3. Nc3 Bb4 4. g3 d5 5. Bg2 O-O 6. Nf3 dxc4 7. O-O Nc6 8. Qa4 a6 9. Ne5 Bxc3 10. Nxc6 bxc6 11. bxc3 Nd5 12. Qxc4 Bd7 13. Ba3 Re8 14. Bc5 e5 15. e4 Nb6 16. Qd3 Be6 17. Rfd1 Bc4 18.
Qe3 Nd7 19. Ba3 Qf6 20. h3 Rab8 21. dxe5 Nxe5 22. f4 Ng6 23. Rd4 Be6 24. Qd2 Bc8 25.
Re1 Rb5 26. c4 Rb6 27. c5 Rb5 28. Kh2 h5 29. Rf1 h4 30. g4 Ne7 31. Bb4 a5 32. Bc3 Qe6 33. Ba1 f6 34. Kh1 Qf7 35. e5 Rxc5 36.
exf6 gxf6 37. Re4 Nd5 38. Rxe8+ Qxe8 39. g5 Qe3 40. Bxd5+ 1-0

[Event "*** Titled Tuesday Blitz"]
[Site "Chess.com"]
[Date "2018.10.02"]
[Round "8"]
[White "PaulfromSPb"]
[Black "xamax2000"]
[Result "1-0"]
[WhiteElo "2520"]
[BlackElo "2449"]
[TimeControl "180+2"]
[EndTime "14:46:13 PDT"]
[Termination "PaulfromSPb won on time"]

1. e4 c5 2. Ne2 Nf6 3. Nbc3 Nc6 4. d4 cxd4 5. Nxd4 d6 6. Bg5 e6 7. Qd2 a6 8. O-O-O Bd7 9. f4 Be7 10. Bxf6 Bxf6 11. Nf3 Qc7 12. Qxd6 Qxd6 13. Rxd6 Bxc3 14. bxc3 Ke7 15. Rd2 Rhc8 16. Be2 Rc7 17. Rhd1 Rac8 18. Kb2 Na5 19. Rd4 Be8 20. c4 Nxc4+ 21. Bxc4 Rxc4 22.
Rxc4 Rxc4 23. Rd4 Rc5 24. Ne5 f6 25. Nd3 Rh5 26. h3 e5 27. fxe5 fxe5 28. Rb4 Bc6 29. Kc3 Kd6 30. Nf2 Rh4 31. Kd3 Rf4 32. Ke3 Rf7 33. Rb1 Ke6 34. Nd3 Rc7 35. c4 Kd6 36. Rb6 Rf7 37. c5+ Ke6 38. Nb4 Rc7 39. a4 1-0

[Event "*** Titled Tuesday Blitz"]
[Site "Chess.com"]
[Date "2018.10.02"]
[Round "8"]
[White "luizzy"]
[Black "Thee-Chessboy"]
[Result "1-0"]
[WhiteElo "2408"]
[BlackElo "2300"]
[TimeControl "180+2"]
[EndTime "14:46:18 PDT"]
[Termination "luizzy won by resignation"]

1. d4 Nf6 2. c4 e6 3. Nc3 c5 4. d5 exd5 5. cxd5 d6 6. e4 g6 7. Bd3 Bg7 8. h3 O-O 9. Nf3 a6 10. a4 Ne8 11. O-O h6 12. Bf4 Nd7 13. Qd2 Kh7 14. a5 Qe7 15. Rfe1 Ne5 16. Nxe5 dxe5 17.
Be3 Bd7 18. Rac1 Nf6 19. Bc4 Qd6 20. f3 Nh5 21. Ne2 Rac8 22. Bd3 Rc7 23. Qc3 Rfc8 24.
Rc2 c4 25. Bb6 cxd3 26. Bxc7 Qf6 27. Qxd3 Bb5 28. Qd2 Bxe2 29. Qxe2 Nf4 30. Qf2 Qg5 31. Kh2 Nd3 32. Qe3 Nxe1 33. Qxe1 Qf4+ 34. Qg3 Qxg3+ 35. Kxg3 Bf6 36. d6 Kg7 37. d7 Rg8 38. Rd2 Bd8 39. Bxe5+ f6 40. Bc3 Kf7 41. f4 Ke6 42. Kf3 Rg7 43.
g4 Rxd7 44. f5+ gxf5 45. gxf5+ Ke7 46. Bxf6+ 1-0

[Event "*** Titled Tuesday Blitz"]
[Site "Chess.com"]
[Date "2018.10.02"]
[Round "8"]
[White "JonahWillow"]
[Black "ahmadzada13"]
[Result "0-1"]
[WhiteElo "2697"]
[BlackElo "2648"]
[TimeControl "180+2"]
[EndTime "14:46:21 PDT"]
[Termination "ahmadzada13 won by resignation"]

1. e4 e6 2. d3 d5 3. Nd2 c5 4.
g3 Nc6 5. Bg2 Nge7 6. f4 g6 7.
Ngf3 Bg7 8. O-O O-O 9. c3 b6 10. Re1 Ba6 11. Nf1 dxe4 12. dxe4 Qxd1 13. Rxd1 Rfd8 14.
Be3 f5 15. e5 Nd5 16. Bf2 h6 17. Ne3 Nce7 18. Nh4 Kf7 19. a4 Nxe3 20. Bxe3 Nd5 21. Bxd5 Rxd5 22. Rxd5 exd5 23. Rd1 Bc4 24. b4 cxb4 25.
cxb4 Bf8 26. b5 Rc8 27. Rc1 Ba3 28. Rc2 Bc5 29. Kf2 Bd3 30. Rd2 Bxe3+ 31. Kxe3 Be4 32. e6+ Kxe6 33. Nxg6 Rc3+ 34. Ke2 Rc1 35. Ne5 Kd6 36. Nf7+ Kc5 37. Nxh6 d4 38. Nf7 Kc4 39. Nd6+ Kc3 40. g4 d3+ 41. Ke3 Re1+ 42. Kf2 Kxd2 43.
Nc4+ Kd1 44. Nb2+ Kc2 45. Kxe1 Kxb2 46. Kd2 fxg4 47. Ke3 Bf5 48. Kd4 d2 0-1

[Event "*** Titled Tuesday Blitz"]
[Site "Chess.com"]
[Date "2018.10.02"]
[Round "8"]
[White "David_Paravyan"]
[Black "Sanan_Sjugirov"]
[Result "0-1"]
[WhiteElo "2816"]
[BlackElo "2835"]
[TimeControl "180+2"]
[EndTime "14:46:22 PDT"]
[Termination "Sanan_Sjugirov won on time"]

1. e4 e5 2. Nf3 Nc6 3. Nc3 Nf6 4. h3 Bc5 5. Nxe5 Nxe5 6. d4 Bd6 7. dxe5 Bxe5 8. Bd3 Bxc3+ 9. bxc3 d6 10. O-O O-O 11. Bg5 Bd7 12. f4 Bc6 13. Qd2 h6 14. Bh4 Nxe4 15.
Qe1 Qe8 16. Rb1 f5 17. c4 Qg6 18. Rf3 Rae8 19. Qa5 b6 20. Qxa7 Nd2 21. Rg3 Qf7 22. Rd1 Ne4 23. Bxe4 Rxe4 24. Ra3 Rxf4 25. Bg3 Rxc4 26. Rd2 f4 27. Bf2 Qg6 28. g4 fxg3 29. Rxg3 Qe4 30. Kf1 Qh1+ 31. Rg1 Qxh3+ 32. Ke1 Qf3 33.
Qxc7 Re8+ 34. Kf1 Qh3+ 0-1

[Event "*** Titled Tuesday Blitz"]
[Site "Chess.com"]
[Date "2018.10.02"]
[Round "8"]
[White "ajkom197"]
[Black "AliKa2810"]
[Result "0-1"]
[WhiteElo "2381"]
[BlackElo "2488"]
[TimeControl "180+2"]
[EndTime "14:46:23 PDT"]
[Termination "AliKa2810 won on time"]

1. c4 e6 2. g3 d5 3. cxd5 exd5 4. Bg2 Nf6 5. Nf3 Bd6 6. d4 O-O 7. O-O c6 8. Nc3 Re8 9. a3 Bf5 10. Bf4 Bxf4 11. gxf4 Ne4 12. e3 Nd7 13. Ne5 Ndf6 14. Rc1 Nxc3 15. bxc3 Be4 16. Bh3 Qd6 17. Qb3 b5 18.
Qb4 Rad8 19. a4 Qxb4 20. cxb4 bxa4 21. Nxc6 Rd6 22. Nxa7 Bd3 23. Rfd1 Bc4 24. Bf1 Bb3 25. Rd3 Ne4 26. Nb5 Rg6+ 27. Bg2 Bc4 28. Rxc4 dxc4 29.
Ra3 Rb8 30. Rxa4 f5 31. f3 Rxb5 32. fxe4 fxe4 33. Kf2 Re6 34. Bf1 Rc6 35. Ke1 Kf8 36. Kd2 c3+ 37. Kc2 Rh5 38. Ra8+ Ke7 39. b5 Rxh2+ 40.
Kc1 Rg6 41. Ra7+ Kd8 42. Ra8+ Kc7 43. Ra7+ Kb8 0-1

[Event "*** Titled Tuesday Blitz"]
[Site "Chess.com"]
[Date "2018.10.02"]
[Round "8"]
[White "Anton_Demchenko"]
[Black "Zq1"]
[Result "1-0"]
[WhiteElo "2825"]
[BlackElo "2592"]
[TimeControl "180+2"]
[EndTime "14:46:27 PDT"]
[Termination "Anton_Demchenko won by resignation"]

1. d4 Nf6 2. Bf4 c5 3. d5 b5 4. Nf3 Bb7 5. d6 exd6 6. Bxd6 Bxd6 7. Qxd6 Qe7 8. Qxe7+ Kxe7 9. e3 a6 10. c4 bxc4 11. Bxc4 d5 12. Be2 Nbd7 13. Nc3 Rhd8 14. O-O-O Nb6 15. Rhe1 a5 16. Bb5 a4 17. Ne5 Rd6 18.
Nd3 a3 19. b3 Rc8 20. Kb1 c4 21. bxc4 Nxc4 22. Bxc4 Rxc4 23. Ne2 Rb6+ 24. Ka1 Ne4 25. Rb1 Rxb1+ 26. Rxb1 Ba6 27. Nb4 Bb7 28. Nd4 Nxf2 29. Nbc2 Bc8 30. h3 Ne4 31. Nxa3 Rc3 32. Rb3 Rc1+ 33.
Rb1 Rc3 34. Nac2 Nd2 35. Rb8 Be6 36. Kb2 Rc7 37. a4 Nc4+ 38. Ka2 Kf6 39. Rb5 Ke5 40. Kb3 Ke4 41. a5 Kd3 42. a6 Bc8 43. Rb8 Bxa6 44. Nb4+ Kxe3 45. Nxa6 Re7 46. Nf5+ 1-0

[Event "*** Titled Tuesday Blitz"]
[Site "Chess.com"]
[Date "2018.10.02"]
[Round "8"]
[White "TrimitziosP7"]
[Black "Gabrielian_Artur"]
[Result "1-0"]
[WhiteElo "2585"]
[BlackElo "2674"]
[TimeControl "180+2"]
[EndTime "14:46:48 PDT"]
[Termination "TrimitziosP7 won by checkmate"]

1. d4 Nf6 2. c4 c5 3. d5 e6 4. Nc3 exd5 5. cxd5 d6 6. Nf3 g6 7. g3 Bg7 8. Bg2 O-O 9. O-O Re8 10.
Nd2 Nbd7 11. a4 Ne5 12. h3 a6 13. f4 Ned7 14. Nc4 Nb6 15. Na3 Bd7 16. a5 Nc8 17.
Nc4 Bb5 18. Qb3 Bxc4 19. Qxc4 b5 20. axb6 Nxb6 21. Qd3 c4 22. Qd1 Nbd7 23. Kh2 Nc5 24. Re1 Rb8 25. e4 Nfd7 26. Re2 h5 27. h4 Rb6 28.
Be3 Rb3 29. Bd4 Qb6 30. Na4 Qb4 31. Nxc5 Nxc5 32. Bxg7 Kxg7 33. Qd4+ f6 34. e5 fxe5 35.
fxe5 Rd3 36. Qf4 Rf8 37. Qg5 Qb8 38. Rae1 Qd8 39. Qc1 Rd4 40. Qc3 Nb3 41. exd6 Qxd6 42. Re6 Qc5 43. Qc2 Rd3 44. Qe2 Nd4 45. Qe5+ Kh7 46.
Re7+ Kg8 47. Qg7# 1-0

[Event "*** Titled Tuesday Blitz"]
[Site "Chess.com"]
[Date "2018.10.02"]
[Round "8"]
[White "51616516516"]
[Black "PowerThinking2650"]
[Result "1-0"]
[WhiteElo "2302"]
[BlackElo "2324"]
[TimeControl "180+2"]
[EndTime "14:46:49 PDT"]
[Termination "51616516516 won by checkmate"]

1. d4 Nf6 2. c4 g6 3. Nf3 Bg7 4. g3 O-O 5. Bg2 d6 6. O-O Nbd7 7. Nc3 e5 8. h3 exd4 9. Nxd4 Re8 10. e4 Nc5 11. f3 Nfd7 12. Be3 h5 13. Qd2 h4 14. g4 Ne5 15. b3 a5 16. Rad1 a4 17. f4 Ned3 18.
Nxa4 Nxa4 19. bxa4 Nc5 20. Qc2 Qe7 21. Rfe1 Bd7 22.
Nb5 Bc6 23. Bxc5 dxc5 24. e5 g5 25. fxg5 Bxe5 26. g6 Bxb5 27. gxf7+ Qxf7 28. Bd5 Re6 29. Bxe6 Qxe6 30. axb5 Rf8 31. Rxe5 Qxe5 32. Qg6+ Qg7 33. Qxg7+ Kxg7 34. Rd7+ Rf7 35. Rxf7+ Kxf7 36. a4 b6 37. Kf2 Kf6 38. Kf3 Kg5 39. Ke4 Kf6 40. Kf4 Kg6 41. g5 Kh5 42. Kf5 c6 43. bxc6 b5 44. c7 bxa4 45.
c8=Q a3 46. Qh8# 1-0

[Event "*** Titled Tuesday Blitz"]
[Site "Chess.com"]
[Date "2018.10.02"]
[Round "8"]
[White "Nathan_Filgueiras"]
[Black "saraswathii"]
[Result "1-0"]
[WhiteElo "2193"]
[BlackElo "2301"]
[TimeControl "180+2"]
[EndTime "14:46:57 PDT"]
[Termination "Nathan_Filgueiras won by resignation"]

1. e4 c5 2. Nf3 e6 3. d4 cxd4 4. Nxd4 Nf6 5. Bd3 Nc6 6. Nxc6 bxc6 7. O-O d5 8. Nd2 Bd6 9. Qe2 Qc7 10. h3 O-O 11. b3 Be5 12. Rb1 a5 13. a4 c5 14.
Nf3 Bf4 15. e5 Bxc1 16. Rbxc1 Nd7 17. Bxh7+ Kxh7 18. Ng5+ Kg6 19. f4 Nxe5 20. fxe5 Kxg5 21. Rf4 f5 22. Qe3 Kg6 23. Rcf1 d4 24. Qg3+ Kf7 25. Rxf5+ exf5 26. e6+ Bxe6 27. Qxc7+ Kg8 28. Qe7 Rf6 29. Qxc5 d3 30. cxd3 Bxb3 31. d4 Raa6 32. Rxf5 Bxa4 33. Rxf6 Rxf6 34. Qxa5 Bc6 35. Qc5 Kf7 36. g4 Ke8 37. d5 Bd7 38. d6 Re6 39. Kf2 Rf6+ 40. Kg3 Kf7 41. g5 Rf5 42. Qc7 Ke6 43. h4 Rd5 44. Qd8 Rxd6 45. Qg8+ Kf5 46. Qf8+ Ke6 47. Qxg7 Rd3+ 48.
Kf2 Rh3 49. Qf6+ Kd5 50. g6 Be6 51. g7 Kd6 52. Qxe6+ Kxe6 53. g8=Q+ 1-0

[Event "*** Titled Tuesday Blitz"]
[Site "Chess.com"]
[Date "2018.10.02"]
[Round "8"]
[White "GrigorGrigorov"]
[Black "Alexander_Moskalenko"]
[Result "0-1"]
[WhiteElo "2731"]
[BlackElo "2853"]
[TimeControl "180+2"]
[EndTime "14:47:09 PDT"]
[Termination "Alexander_Moskalenko won on time"]

1. e4 e5 2. Nf3 Nc6 3. Bc4 Bc5 4. O-O Nf6 5. d3 d6 6. c3 a6 7. a4 Ba7 8. Nbd2 O-O 9. h3 Ne7 10. Bb3 Ng6 11. d4 h6 12. Re1 Re8 13. Bc2 c6 14.
Nf1 d5 15. exd5 e4 16. Ne5 cxd5 17. Nxg6 fxg6 18. f3 Bf5 19. f4 Be6 20. Be3 Qd7 21.
a5 Rf8 22. Nd2 Rac8 23. Nb3 Qe7 24. Qd2 Bb8 25. Nc5 Bd6 26. Rf1 Kh8 27. b4 Bg8 28. Rab1 Rc7 29. b5 axb5 30. Rxb5 Nh5 31. Bd1 Ng3 32. Rf2 Nf5 33. Bg4 Nxe3 34. Qxe3 h5 35. Bd1 Rfc8 36. Rfb2 Qf6 37. Rf2 Bf7 38. Bb3 Qe7 39. Na4 Qd7 40. Qe2 Rxc3 41. Nxc3 Rxc3 42. Bxd5 e3 43. Rf1 Be8 44. Rxb7 Qf5 45. Ba2 Rc2 46. Bb1 Rxe2 47. Bxf5 gxf5 0-1

[Event "*** Titled Tuesday Blitz"]
[Site "Chess.com"]
[Date "2018.10.02"]
[Round "8"]
[White "akretchetov"]
[Black "MFBerna"]
[Result "0-1"]
[WhiteElo "2282"]
[BlackElo "2427"]
[TimeControl "180+2"]
[EndTime "14:47:19 PDT"]
[Termination "MFBerna won by resignation"]

1. d4 d5 2. c4 c6 3. Nf3 e6 4. g3 Nf6 5. Bg2 b6 6. O-O Be7 7. Nbd2 O-O 8. Qc2 Bb7 9. b3 Nbd7 10.
Bb2 c5 11. dxc5 bxc5 12. cxd5 exd5 13. e4 Nxe4 14. Nxe4 dxe4 15. Nd2 f5 16. Rfd1 Qc7 17. f3 e3 18. Nc4 f4 19. gxf4 Rxf4 20. Nxe3 Rh4 21.
Nf5 Qxh2+ 22. Kf1 Ba6+ 23. Kf2 Bf6 24. Rxd7 Rd4 25. Bxd4 cxd4 26. Qc6 Rc8 27. Qe6+ Kh8 28. Rc7 Qxc7 29. Rh1 Qc2+ 30. Kg3 Qc7+ 31. Kf2 Qc2+ 32. Kg3 Rf8 33. Qxa6 Qxf5 34. Qc4 Be5+ 35. Kf2 d3 36. Rd1 Qg5 37. Qxd3 Bg3+ 38. Kf1 Qf6 39. Qe4 Bc7 40.
Re1 Bb6 41. Re2 h6 42. Qb1 Qg5 43. Qd1 Qg3 44. Qe1 Rxf3+ 45. Bxf3 Qxf3+ 46. Rf2 Bxf2 47. Qxf2 Qxf2+ 48. Kxf2 Kg8 49. Ke3 Kf8 50. b4 Ke8 51. a4 Kd8 52. Kd4 Kc8 53. Ke4 h5 54. b5 Kc7 55. a5 g5 56. Kf5 h4 57. Kg4 Kd6 58. Kh3 Kc5 59. b6 axb6 60. a6 Kc6 0-1

[Event "*** Titled Tuesday Blitz"]
[Site "Chess.com"]
[Date "2018.10.02"]
[Round "8"]
[White "GMBenjaminFinegold"]
[Black "Aklanion"]
[Result "0-1"]
[WhiteElo "2298"]
[BlackElo "2205"]
[TimeControl "180+2"]
[EndTime "14:47:23 PDT"]
[Termination "Aklanion won by resignation"]

1. b3 e5 2. Bb2 Nc6 3. e3 Nf6 4. Bb5 Bd6 5. Bxc6 bxc6 6. d3 Bb4+ 7. Nd2 d6 8. Ne2 O-O 9. O-O Re8 10. e4 h6 11. Nf3 Nh5 12. c3 Bc5 13. d4 Bb6 14.
dxe5 Bg4 15. Ng3 Nxg3 16. hxg3 dxe5 17. Qxd8 Raxd8 18. Rfd1 f6 19. Kf1 a5 20. Ke1 a4 21.
Rd2 Kf7 22. Rad1 Rxd2 23. Rxd2 axb3 24. axb3 Be6 25. b4 c5 26. Rd1 Bc4 27. Nd2 Ba6 28. Nb3 cxb4 29. cxb4 h5 30. Nc5 Bb5 31. Bc3 Ke7 32.
f3 Ra8 33. Rd2 Ra3 34. Rc2 g5 35. Kd2 g4 36. f4 exf4 37. gxf4 h4 38. Kc1 Bxc5 39.
bxc5 Bd3 40. Bb2 Bxc2 41. Bxa3 Bxe4 42. c6+ Ke6 43. f5+ Kxf5 44. Kd2 Bxg2 45. Ke3 g3 46. Be7 h3 47. Bd8 h2 48. Bxc7 h1=Q 49. Bxg3 Bxc6 50.
Kd4 Qd5+ 51. Kc3 Bb5 52. Kb4 Qc4+ 53. Ka5 Qa4+ 54. Kb6 Qa6+ 55. Kc5 Qc6+ 56. Kb4 Bd3 57. Bf2 Qc4+ 58. Ka3 Bc2 59. Kb2 Qb3+ 60. Kc1 Be4 61. Kd2 Qc2+ 62. Ke1 Bf3 63. Kf1 Qd1+ 64. Be1 Qe2+ 0-1

[Event "*** Titled Tuesday Blitz"]
[Site "Chess.com"]
[Date "2018.10.02"]
[Round "8"]
[White "Jbd735"]
[Black "andrzej"]
[Result "1-0"]
[WhiteElo "2317"]
[BlackElo "2217"]
[TimeControl "180+2"]
[EndTime "14:47:24 PDT"]
[Termination "Jbd735 won on time"]

1. e4 c6 2. d4 d5 3. e5 c5 4.
dxc5 e6 5. a3 Bxc5 6. b4 Be7 7.
Bb2 Nh6 8. Bd3 Nd7 9. Nf3 Qc7 10. O-O b6 11. Qe2 Bb7 12. Nbd2 Rc8 13. Rfe1 O-O 14. Nb3 a5 15. Qd2 Rfd8 16. bxa5 bxa5 17. Qxa5 Nc5 18.
Qxc7 Rxc7 19. Nxc5 Bxc5 20. Bd4 Ra8 21. Bxc5 Rxc5 22.
Reb1 Bc6 23. Nd4 Be8 24. h3 Kf8 25. Rb4 Ng8 26. Nb3 Rc7 27. a4 Ne7 28. f4 Rca7 29. Bb5 Nf5 30. Bxe8 Kxe8 31. a5 Ne3 32. Ra2 h5 33. Rba4 h4 34. a6 Nd1 35. Ra5 Nc3 36. Ra1 Ne2+ 37. Kf2 Nxf4 38. Kf3 g5 39. Kg4 Ng6 40.
Kxg5 Nxe5 41. Kxh4 f6 42. g4 Nc4 43. R5a2 Kf7 44.
Nd4 Ne5 45. Nb5 Rd7 46. a7 Nc6 47. Ra6 Ne5 48. Rb6 Rdd8 49. Rb7+ Kg6 50. Kg3 Nc6 51. Ra6 Nb4 52. Rxe6 Nxc2 53. Ree7 Rg8 54. Nc7 1-0

[Event "*** Titled Tuesday Blitz"]
[Site "Chess.com"]
[Date "2018.10.02"]
[Round "8"]
[White "Bryakin_Mikhail"]
[Black "ENEASZ"]
[Result "1-0"]
[WhiteElo "2681"]
[BlackElo "2586"]
[TimeControl "180+2"]
[EndTime "14:47:34 PDT"]
[Termination "Bryakin_Mikhail won on time"]

1. d4 d6 2. Nf3 Nf6 3. c4 g6 4. Nc3 Bg7 5. Bf4 O-O 6. e3 c5 7. Be2 b6 8. O-O Bb7 9. h3 Nbd7 10.
d5 a6 11. e4 b5 12. cxb5 axb5 13. Bxb5 Qa5 14. Re1 Ba6 15. a4 Qb4 16. Qc2 Bxb5 17. axb5 Nb6 18. Nd2 Nfd7 19. Bg5 Nf6 20. Ra6 Rxa6 21.
bxa6 Qa5 22. Qd3 Ra8 23. e5 dxe5 24. d6 exd6 25. Qxd6 Nfd7 26. Nd5 Nxd5 27. Qxd5 Nb6 28. Qc6 h6 29. Be3 Qxa6 30. Qxc5 Na4 31. Qc2 Rc8 32. Qb1 Qb5 33. b3 Nc3 34. Qa1 e4 35. Qa7 Qd5 36. Nc4 Rd8 37. Qb6 g5 38. Kh1 f5 39. Bc5 Kh8 40. Be7 Re8 41. Bb4 f4 42. Qg6 Rd8 43. Bxc3 Bxc3 44. Rxe4 Bg7 45. h4 gxh4 46. Kh2 Qg5 47. Re6 Qxg6 48. Rxg6 Kh7 49. Rb6 Rd3 50. f3 Bd4 51. Rb7+ Kg6 52. Rd7 Kf5 53.
Rd6 Rd1 54. b4 Kg5 55. b5 1-0

[Event "*** Titled Tuesday Blitz"]
[Site "Chess.com"]
[Date "2018.10.02"]
[Round "8"]
[White "jncool68"]
[Black "SantoBlue"]
[Result "0-1"]
[WhiteElo "2697"]
[BlackElo "2821"]
[TimeControl "180+2"]
[EndTime "14:47:35 PDT"]
[Termination "SantoBlue won by resignation"]

1. e4 e5 2. Nf3 Nc6 3. Bb5 a6 4. Ba4 Nf6 5. O-O Nxe4 6. d4 b5 7.
Bb3 d5 8. dxe5 Be6 9. Be3 Be7 10. c3 O-O 11. Nbd2 Qd7 12. Nxe4 dxe4 13. Bxe6 Qxe6 14. Nd4 Nxd4 15. cxd4 c5 16. dxc5 Qxe5 17. b4 Rfd8 18. Qc2 Rd3 19. a4 Rad8 20. axb5 axb5 21. Ra5 h5 22. Rxb5 h4 23. h3 Bd6 24. cxd6 Qxb5 25. Bc5 Qc6 26. Qe2 Ra8 27. Re1 Re8 28. Qg4 Rd2 29.
Qxh4 e3 30. Rxe3 Rxe3 31. Bxe3 Rd1+ 32. Kh2 Qxd6+ 33. Qf4 Qxf4+ 34. Bxf4 Rd4 35. Be3 Rxb4 36. Kg3 Kh7 37. Kf3 Ra4 38. g3 Kg6 39. h4 Kf5 40. Kg2 Ke4 41. Bc5 Ra2 42. Be3 Kf5 43. Kf3 Ra3 44. g4+ Ke5 45. h5 f5 46. gxf5 Kxf5 47. Kg2 Rb3 48. Kg3 Rb1 49. Kg2 Rd1 50. h6 gxh6 51. Bxh6 Ke4 52. Be3 Rd6 53. Kg3 Rg6+ 54. Kh4 Kf5 55. Kh3 Rg8 56. Kh2 Kg4 57. Kg2 Rg6 58. Bd4 Kf4+ 59. Kf1 Kf3 60. Be3 Rd6 61.
Ke1 Rd5 62. Ba7 Ra5 63. Be3 Ra2 64. Kd1 Kg2 65. Kc1 Kf1 66. Kb1 Re2 67. Kc1 Ke1 68. Kb1 Kd1 69. Bd4 Kd2 70. Be3+ Kc3 71. Bc5 Kb3 72.
Be3 Re1+ 73. Bc1 Rf1 74. f4 Re1 75. f5 Rf1 0-1

[Event "*** Titled Tuesday Blitz"]
[Site "Chess.com"]
[Date "2018.10.02"]
[Round "8"]
[White "TastyFrenchFries"]
[Black "wonderfultime"]
[Result "0-1"]
[WhiteElo "2427"]
[BlackElo "2851"]
[TimeControl "180+2"]
[EndTime "14:47:36 PDT"]
[Termination "wonderfultime won by checkmate"]

1. Na3 d5 2. Nh3 Nf6 3. g3 e5 4.
c3 h5 5. Bg2 h4 6. Nc2 Nc6 7. d4 Be7 8. f3 hxg3 9. hxg3 Bf5 10. dxe5 Nxe5 11. Nd4 Bd7 12. Bf4 Ng6 13. Qd2 Nxf4 14. Nxf4 Rxh1+ 15. Bxh1 c6 16. O-O-O Qc7 17. Bg2 Bd6 18. Rh1 O-O-O 19. e3 Re8 20. Kb1 Kb8 21. g4 Bc8 22. Nh5 Nxh5 23. Rxh5 g6 24. Rh7 Qe7 25.
Nc2 Qf6 26. b3 Be5 27. Kb2 Rh8 28. Rxh8 Qxh8 29. f4 Bd6 30. g5 Qh2 31. Qe2 Qg3 32. Qf3 Qh4 33. Qe2 f6 34. gxf6 Qxf6 35. Nd4 a6 36.
Nc2 Bf8 37. Nd4 Bg7 38. Qd2 g5 39. fxg5 Qxg5 40. Bf1 c5 41. Nc2 Qe5 42. Bg2 Be6 43. Qd3 Bf6 44. Qd2 Qd6 45. Qd3 b5 46. a3 b4 47. axb4 cxb4 48. Nd4 bxc3+ 49. Qxc3 Bd7 50. Bf1 Ka7 51. Bd3 Be7 52. Qa5 Bf6 53. Qc3 Qb6 54. Bc2 Be7 55. Bf5 Bb4 56. Qc2 Be8 57. Qd3 Qa5 58. Bg6 Qa3+ 59. Kc2 Qa2+ 60. Kd1 Bxg6 61. Nc6+ Ka8 62. Qxg6 Qd2# 0-1

[Event "*** Titled Tuesday Blitz"]
[Site "Chess.com"]
[Date "2018.10.02"]
[Round "8"]
[White "BocharovD"]
[Black "hurricane7791"]
[Result "1/2-1/2"]
[WhiteElo "2787"]
[BlackElo "2704"]
[TimeControl "180+2"]
[EndTime "14:47:42 PDT"]
[Termination "Game drawn by agreement"]

1. c4 c5 2. Nf3 Nc6 3. d4 cxd4 4. Nxd4 Nf6 5. Nc3 e6 6. a3 Bc5 7. Nb3 Be7 8. e4 O-O 9. Be2 Qc7 10. O-O b6 11. Be3 Bb7 12. Rc1 Rac8 13. f4 d6 14.
Bf3 Qb8 15. Qe2 Rfe8 16. Rfd1 Bf8 17. g4 Nd7 18. g5 g6 19. Bg2 Bg7 20. Nb5 Bf8 21.
Rd2 Nc5 22. Nxc5 bxc5 23. Rcd1 Rcd8 24. Qf2 a6 25. Nc3 Bg7 26. Ne2 a5 27. Nc3 Ba6 28. e5 Nd4 29. Ne4 dxe5 30. fxe5 Qxe5 31. Bf4 Qf5 32. Nd6 Qg4 33. h3 Qh5 34. Nxe8 Rxe8 35.
Re1 Bxc4 36. Be5 Qxg5 37. Bxg7 Kxg7 38. Rxd4 cxd4 39. Qxd4+ e5 40. Qxc4 f5 41. b4 axb4 42. axb4 e4 43. b5 Rd8 44. Qc3+ Kh6 45. Qe3 Qxe3+ 46.
Rxe3 Rd1+ 47. Bf1 Rb1 48. Rc3 Kg5 49. Kf2 f4 50. Be2 Rb2 51. Ke1 f3 52. Bxf3 exf3 53. Rxf3 Rxb5 54. Kf2 Kh4 55. Kg2 Rb2+ 56. Kg1 Rd2 57.
Re3 h5 58. Rf3 g5 59. Re3 Ra2 60. Rd3 g4 61. hxg4 hxg4 62. Rc3 Ra4 63. Kg2 Ra2+ 64. Kg1 Rd2 65. Rb3 Kg5 66. Rb8 Kf4 67. Rb4+ Kg5 68. Rb8 Re2 69. Rb3 Kf4 70. Rc3 Re4 71. Rb3 Rc4 72.
Ra3 g3 73. Ra8 Rc1+ 74. Kg2 Rc2+ 75. Kg1 Kf3 76. Rf8+ 1/2-1/2

[Event "*** Titled Tuesday Blitz"]
[Site "Chess.com"]
[Date "2018.10.02"]
[Round "8"]
[White "AvitalBor"]
[Black "GHANDEEVAM2003"]
[Result "1/2-1/2"]
[WhiteElo "2635"]
[BlackElo "2889"]
[TimeControl "180+2"]
[EndTime "14:47:54 PDT"]
[Termination "Game drawn by repetition"]

1. e4 e6 2. d4 d5 3. Nc3 Nf6 4. Bg5 Be7 5. e5 Nfd7 6. h4 a6 7. Qd2 c5 8. Bxe7 Qxe7 9. f4 cxd4 10. Nce2 Nc5 11. O-O-O Ne4 12. Qxd4 Nc6 13. Qe3 Bd7 14. Nd4 Qc5 15. Ngf3 Rc8 16. Bd3 Nb4 17. a3 Na2+ 18. Kb1 Nec3+ 19. Ka1 Nxd1 20. Rxd1 Nc3 21. bxc3 Qxa3+ 22.
Kb1 Rxc3 23. Qc1 Qa5 24. Qb2 b5 25. f5 Rc7 26. fxe6 fxe6 27. Ng5 Qb6 28. Bxh7 Rc4 29. Bd3 Ra4 30. g3 Ke7 31. Nb3 Rf8 32. Qc1 b4 33. Rf1 Qb8 34. Rxf8 Qxf8 35. Qe3 Qc8 36. Qf2 Qc3 37.
Qf7+ Kd8 38. Qf8+ Kc7 39. Qd6+ Kc8 40. Qf8+ Kc7 41. Qc5+ Kd8 42. Qxc3 bxc3 43. Nc5 Rb4+ 44. Ka2 a5 45. Ncxe6+ Ke7 46. Nf4 Bc6 47. Nf3 d4 48. Ng5 a4 49. Ne4 Rb2+ 50. Ka3 Rb1 51. Nc5 Ra1+ 52.
Kb4 Rb1+ 53. Ka3 Rg1 54. Nce6 Ra1+ 55. Kb4 Rb1+ 56. Ka3 Ra1+ 57. Kb4 Rb1+ 58. Ka3 Ra1+ 59. Kb4 Rb1+ 60. Ka3 Ra1+ 1/2-1/2

[Event "*** Titled Tuesday Blitz"]
[Site "Chess.com"]
[Date "2018.10.02"]
[Round "8"]
[White "Gubajdullin"]
[Black "mishanick"]
[Result "0-1"]
[WhiteElo "2405"]
[BlackElo "2851"]
[TimeControl "180+2"]
[EndTime "14:48:00 PDT"]
[Termination "mishanick won by resignation"]

1. d4 Nf6 2. Bf4 d5 3. e3 c5 4. c3 Nc6 5. Nd2 cxd4 6. exd4 Bf5 7. Qb3 Qc8 8. Ngf3 e6 9. Be2 Be7 10. O-O h6 11. Rfe1 O-O 12. a4 Na5 13. Qa2 Ne4 14. Nxe4 Bxe4 15. Ne5 Nc6 16. a5 a6 17. Qa4 Nxe5 18. Bxe5 Qe8 19. Qb3 Qd7 20. Bf1 Rac8 21. Qd1 Bf5 22. Qf3 Rfe8 23. Qg3 f6 24. Bf4 Kh7 25. Bd3 Bxd3 26. Qxd3+ g6 27. Re3 Bf8 28.
h4 h5 29. Rg3 Qf7 30. Re1 Be7 31. Rge3 Bd8 32. Qe2 Rc6 33. b4 Kg8 34. Bg3 Qd7 35.
Qd3 Kf7 36. Bf4 Qc8 37. Rg3 Rg8 38. Ree3 Be7 39. Ref3 Qf8 40. Qe3 Ke8 41. Be5 Qg7 42. Bf4 Kd7 43. Qd3 Rc4 44. Re3 Qf7 45. Qe2 g5 46.
hxg5 fxg5 47. Be5 g4 48. Rd3 Qf5 49. Rd1 Rf8 50. Rgd3 h4 51. f4 Rf7 52. Rb1 Rxc3 53.
Rbd1 Rc4 54. b5 axb5 55. Qb2 b4 56. Qb3 Ke8 57. Qa4+ Kf8 58. Qd7 g3 59. Qxb7 Kg8 60. R3d2 Bg5 61. Rf1 Rxb7 62. fxg5 Qxg5 63. Re2 b3 64.
Bf4 Qg4 65. Re5 b2 66. Rg5+ Qxg5 67. Bxg5 b1=Q 0-1